 Dungeon Crawl Stone Soup version 0.24-a0-429-g4608c8fa30 (webtiles) character file.

Game seed: 9264095297461008634

28 Amnesiac the Charmwright (level 3, 0/27 HPs)
             Began as a Merfolk Skald on June 13, 2019.
             Slain by a quokka (3 damage)
             ... on level 2 of the Dungeon.
             The game lasted 00:01:10 (451 turns).

Amnesiac the Charmwright (Merfolk Skald)             Turns: 451, Time: 00:01:11

Health: 0/27       AC:  4    Str: 11    XL:     3   Next: 12%
Magic:  6/6        EV: 18    Int: 12    God:
Gold:   10         SH:  0    Dex: 19    Spells: 5/6 levels left

rFire    . . .     SeeInvis .   a - +0 spear
rCold    . . .     Gourm    .   (no shield)
rNeg     . . .     Faith    .   b - +0 leather armour
rPois    .         Spirit   .   f - +0 helmet
rElec    .         Reflect  .   (no cloak)
rCorr    .         Harm     .   (no gloves)
MR       .....                  (no boots)
Stlth    ++........             (no amulet)
HPRegen  0.09/turn              (no ring)
MPRegen  0.10/turn              (no ring)

@: agile
A: change form in water, swift swim, stealthy swim
a: no special abilities


You were on level 2 of the Dungeon.
You were not hungry.

You visited 1 branch of the dungeon, and saw 2 of its levels.

You collected 10 gold pieces.

Inventory:

Hand Weapons
 a - a +0 spear (weapon)
Armour
 b - a +0 leather armour (worn)
 f - a +0 helmet (worn)
Scrolls
 e - a scroll of fog {!r, unknown}
 g - a scroll of amnesia {!r, unknown}
Comestibles
 c - 7 chunks of flesh
 d - a ration


   Skills:
 - Level 2.1 Fighting
 + Level 3.2 Polearms
 - Level 0.6 Armour
 - Level 2.6 Dodging
 - Level 2.0 Spellcasting
 - Level 4.5 Charms


You had 5 spell levels left.
You knew the following spells:

 Your Spells              Type           Power        Failure   Level  Hunger
a - Infusion              Chrm           ##..         5%          1    ##.....

Your spell library contained the following spells:

 Spells                   Type           Power        Failure   Level  Hunger
 Song of Slaying          Chrm           ##......     9%          2    ###....
 Shroud of Golubria       Chrm/Tloc      #.....       22%         2    ###....
 Regeneration             Chrm/Necr      #.........   38%         3    ####...
 Spectral Weapon          Hex/Chrm       #.......     38%         3    ####...


Dungeon Overview and Level Annotations

Branches:
Dungeon (2/15)

Altars:


Message History

You barely miss the hobgoblin.
The hobgoblin is lightly wounded.
The hobgoblin hits you.
You completely miss the hobgoblin.
The hobgoblin is lightly wounded.
The hobgoblin hits you but does no damage.
You barely miss the hobgoblin.
The hobgoblin is lightly wounded.
The hobgoblin hits you but does no damage.
You closely miss the hobgoblin.
The hobgoblin is lightly wounded.
The hobgoblin hits you.
* * * LOW HITPOINT WARNING * * *
You hit the hobgoblin.
You kill the hobgoblin!
The quokka bites you.
* * * LOW HITPOINT WARNING * * *
You miss the quokka. The quokka closely misses you.
You miss the quokka.
The quokka bites you but does no damage.
You hit the quokka.
The quokka is moderately wounded.
The quokka bites you.
* * * LOW HITPOINT WARNING * * *
You are too injured to fight recklessly!
You are too injured to fight recklessly!
You are too injured to fight recklessly!
You are too injured to fight recklessly!
You are too injured to fight recklessly!
You are too injured to fight recklessly!
You are too injured to fight recklessly!
You are too injured to fight recklessly!
You are too injured to fight recklessly!
You are too injured to fight recklessly!
You are too injured to fight recklessly!
You are too injured to fight recklessly!
You are too injured to fight recklessly!
You are too injured to fight recklessly!
You are too injured to fight recklessly!
You are too injured to fight recklessly!
You are too injured to fight recklessly!
You are too injured to fight recklessly!
You hit the quokka but do no damage.
The quokka is moderately wounded.
The quokka bites you but does no damage.
You closely miss the quokka.
The quokka is moderately wounded.
The quokka bites you.
* * * LOW HITPOINT WARNING * * *
Some of the chunks of flesh in your inventory have rotted away.
You aren't carrying any potions.
Unknown command.
The quokka misses you.
You see here a lumpy inky potion {!q}.
Really quaff a lumpy inky potion {!q}?
It was a potion of agility {!q}.
You feel agile all of a sudden.
The quokka bites you but does no damage.
The goblin misses you. The quokka closely misses you.
You hit the quokka.
The quokka is moderately wounded.
The quokka bites you.
You die...

.###.#..##........
..##.#..##........
........##h.......
.......$..g......#
###...r########## #....#
#....#
###....############.###
.........(...lhr@.......
####.#..##...rg#####.###
#.#..##.....#
#.#..####+### #..# #...
.... ...


You could see a leopard gecko, a quokka, a jackal, a goblin and a rat.

Vanquished Creatures
  An ooze (D:1)
  3 bats (D:1)
  5 goblins (D:1)
  3 hobgoblins
  5 jackals
  A frilled lizard (D:2)
  A rat (D:1)
19 creatures vanquished.

Notes
Turn   | Place    | Note
-------+----------+-------------------------------------------
     0 | D:1      | Amnesiac the Merfolk Skald began the quest for the Orb.
     0 | D:1      | Reached XP level 1. HP: 16/16 MP: 3/3
    27 | D:1      | Reached XP level 2. HP: 18/22 MP: 5/5
    59 | D:1      | Reached skill level 4 in Charms
   348 | D:1      | Reached XP level 3. HP: 25/27 MP: 6/6
   451 | D:2      | Slain by a quokka

Levels and vault maps discovered:
D:1:      saegor_arrival_simple_b, layout_loops_cross
D:2:      layout_basic, chequers_ecumenical_altar_simple_redux

Skill      XL: |  1  2 |
---------------+-------+-----
Charms         | 4 |  4.5
Fighting       | |  2.1
Polearms       | |  3.2
Armour         | |  0.6
Dodging        | |  2.6
Spellcasting   | |  2.0

Action                   || total
-------------------------++-------
Melee: Spear             ||    76
 Cast: Infusion          ||     3
  Use: Potion            ||     1
Armor: Leather armour    ||    19
Dodge: Dodged            ||    53

Table legend:
 A = Non-vault XP
 B = Vault XP
 C = Vault XP percentage of total XP
 D = Non-vault monster count
 E = Vault monster count
 F = Vault count percentage of total count
                 A         B        C        D         E       F
            +---------+---------+-------+---------+---------+-------
      Total |      40 |       0 |   0.0 |      19 |       0 |   0.0
            +---------+---------+-------+---------+---------+-------
        D:1 |      35 |       0 |   0.0 |      16 |       0 |   0.0
        D:2 |       5 |       0 |   0.0 |       3 |       0 |   0.0
            +---------+---------+-------+---------+---------+-------
